 Dungeon Crawl Stone Soup version 0.22-a0-166-g5351223 (webtiles) character file.

164 Azzok the Sneak (level 5, -1/37 HPs)
             Began as a Gnoll Enchanter on Feb 13, 2018.
             Slain by an orc wizard
             ... wielding a +0 dagger
              (4 damage)
             ... on level 3 of the Dungeon.
             The game lasted 00:04:39 (2149 turns).

Azzok the Sneak (Gnoll Enchanter)                   Turns: 2149, Time: 00:04:40

Health: -1/37      AC:  8    Str: 10    XL:     5   Next: 45%
Magic:  7/12       EV: 15    Int: 19    God:
Gold:   87         SH:  0    Dex: 15    Spells: 11/14 levels left

rFire    . . .     SeeInvis .   b - +2 dagger (drain)
rCold    . . .     Gourm    .   (no shield)
rNeg     . . .     Faith    .   o - +2 animal skin
rPois    .         Spirit   .   p - +0 helmet
rElec    .         Reflect  .   (no cloak)
rCorr    .         Harm     .   e - +2 pair of gloves
MR       .....                  (no boots)
Stlth    +.........             (no amulet)
HPRegen  0.12/turn              (no ring)
MPRegen  0.13/turn              (no ring)

@: confused
A: distributed training, fangs 1, strong nose
a: no special abilities


You were on level 3 of the Dungeon.
You were not hungry.

You visited 1 branch of the dungeon, and saw 3 of its levels.

You collected 87 gold pieces.

Inventory:

Hand Weapons
 b - a +2 dagger of draining (weapon)
Armour
 e - a +2 pair of gloves (worn)
 o - a +2 animal skin (worn)
 p - a +0 helmet (worn)
Scrolls
 f - a scroll of noise {unknown}
 h - a scroll of teleportation {unknown}
 m - a scroll of immolation {unknown}
Potions
 a - a potion of resistance {unknown}
 g - a potion of lignification {unknown}
 i - a potion of degeneration {unknown}
 j - a potion of might {unknown}
 l - a potion of ambrosia {unknown}
 n - a potion of flight {unknown}
Books
 c - a book of Maledictions

   Spells                             Type                      Level
   a - Corona                         Hexes                        1
   b - Ensorcelled Hibernation        Hexes/Ice                    2
   c - Confuse                        Hexes                        3
   d - Tukima's Dance                 Hexes                        3
   e - Dazzling Spray                 Conjuration/Hexes            3
Comestibles
 d - a ration
 q - 2 chunks of flesh


   Skills:
 + Level 1.4 Fighting
 + Level 3.0 Short Blades
 + Level 1.4 Long Blades
 + Level 1.4 Axes
 + Level 1.4 Maces & Flails
 + Level 1.4 Polearms
 + Level 1.4 Staves
 + Level 1.4 Slings
 + Level 1.4 Bows
 + Level 1.4 Crossbows
 + Level 1.4 Throwing
 + Level 1.4 Armour
 + Level 4.8 Dodging
 + Level 6.1 Stealth
 + Level 1.4 Shields
 + Level 1.4 Unarmed Combat
 + Level 5.2 Spellcasting
 + Level 1.1 Conjurations
 + Level 5.5 Hexes
 + Level 1.1 Charms
 + Level 1.1 Summonings
 + Level 1.1 Necromancy
 + Level 1.1 Translocations
 + Level 1.1 Transmutations
 + Level 1.1 Fire Magic
 + Level 1.1 Ice Magic
 + Level 1.1 Air Magic
 + Level 1.1 Earth Magic
 + Level 1.1 Poison Magic
 + Level 1.6 Invocations
 + Level 1.4 Evocations


You had 11 spell levels left.
You knew the following spells:

 Your Spells              Type           Power        Failure   Level  Hunger
a - Corona                Hex            ####...      1%          1    None
b - Ensorcelled Hibernat  Hex/Ice        ###...       4%          2    #......


Dungeon Overview and Level Annotations

Branches:
Dungeon (3/15)

Altars:
Cheibriados
Fedhas


Innate Abilities, Weirdness & Mutations

Your experience applies equally to all skills.
You have very sharp teeth.
Your uncanny sense of smell can sniff out nearby items.


Message History

Casting: Ensorcelled Hibernation (safe; 4% risk of failure)
Confirm with . or Enter, or press ? or * to list all spells.
Aiming: Ensorcelled Hibernation (safe; 4% risk of failure)
Press: ? - help, Shift-Dir - straight line, f/p - orc wizard
Aim: an orc wizard, wielding a dagger and wearing a robe (chance to defeat MR: 48%)
The orc wizard looks drowsy...
Something hits you.
* * * LOW HITPOINT WARNING * * *
The helpless orc wizard fails to defend itself.
You impale the orc wizard!!
You kill the orc wizard!
Your Short Blades skill increases to level 3!
You hear some strange, mumbled words.
You are confused.
You're too confused to cast spells.
You bump into the rock wall.
Something hits you but does no damage.
You bump into the rock wall.
Something hits you but does no damage.
You miss something. Something hits you.
* * * LOW HITPOINT WARNING * * *
You bump into the rock wall.
Something hits you.
You die...

∆ ▒·▒▒ ▒▒··▒▒▒
▒·▒▒▒···▒
▒····▒▒▒▒
▒▒▒·▒··▒ ···▒▒·▒
▒▒▒·▒▒·▒
▒▒▒▒···▒·▒▒ ▒
▒····▒····▒ ▒▒·
▒@▒▒···▒··▒
▒···▒▒·▒▒▒·▒▒··▒
▒·>··)w▒ ▒·▒▒··▒
▒···▒▒▒▒ ▒·▒▒··▒
▒▒▒ ▒······
▒▒▒▒···· ▒▒▒▒·


You could see a dart slug.

Vanquished Creatures
  A scorpion (D:1)
  An orc wizard (D:3)
  Robin (D:2)
  A gnoll (D:1)
  An adder (D:1)
  2 worms (D:2)
  A leopard gecko (D:2)
  2 orcs (D:3)
  2 bats
  A giant cockroach (D:1)
  12 goblins
  2 hobgoblins (D:1)
  A quokka (D:2)
  6 frilled lizards
  8 kobolds
  10 rats
52 creatures vanquished.

Vanquished Creatures (others)
  An orc (D:3)
1 creature vanquished.

Grand Total: 53 creatures vanquished

Notes
Turn   | Place    | Note
-------+----------+-------------------------------------------
     0 | D:1      | Azzok the Gnoll Enchanter began the quest for the Orb.
     0 | D:1      | Reached XP level 1. HP: 13/13 MP: 6/6
     2 | D:1      | Noticed a human
     2 | D:1      | Noticed a ghoul
     8 | D:1      | Noticed an octopode
    10 | D:1      | Noticed a ghoul
    12 | D:1      | Noticed a vine stalker
    14 | D:1      | Noticed a gargoyle
    14 | D:1      | Noticed a minotaur
    16 | D:1      | Noticed an ogre
    16 | D:1      | Noticed a spriggan
    18 | D:1      | Noticed a vine stalker
    18 | D:1      | Noticed a centaur
    20 | D:1      | Noticed a vine stalker
   237 | D:1      | Reached XP level 2. HP: 16/19 MP: 7/7
   408 | D:1      | Learned a level 2 spell: Ensorcelled Hibernation
   644 | D:1      | Reached XP level 3. HP: 25/25 MP: 7/9
   740 | D:1      | Reached skill level 5 in Spellcasting
   948 | D:2      | Noticed a scorpion
  1050 | D:2      | Reached skill level 6 in Stealth
  1106 | D:2      | Noticed Robin
  1113 | D:2      | Reached skill level 1 in Invocations
  1167 | D:1      | Reached skill level 1 in Fighting
  1167 | D:1      | Reached skill level 1 in Long Blades
  1167 | D:1      | Reached skill level 1 in Axes
  1167 | D:1      | Reached skill level 1 in Maces & Flails
  1167 | D:1      | Reached skill level 1 in Polearms
  1167 | D:1      | Reached skill level 1 in Staves
  1167 | D:1      | Reached skill level 1 in Slings
  1167 | D:1      | Reached skill level 1 in Bows
  1167 | D:1      | Reached skill level 1 in Crossbows
  1167 | D:1      | Reached skill level 1 in Throwing
  1167 | D:1      | Reached skill level 1 in Armour
  1167 | D:1      | Reached skill level 1 in Shields
  1167 | D:1      | Reached skill level 1 in Unarmed Combat
  1167 | D:1      | Reached skill level 1 in Evocations
  1365 | D:1      | Reached XP level 4. HP: 32/32 MP: 8/11
  1407 | D:1      | Reached skill level 1 in Conjurations
  1407 | D:1      | Reached skill level 1 in Charms
  1407 | D:1      | Reached skill level 1 in Summonings
  1407 | D:1      | Reached skill level 1 in Necromancy
  1407 | D:1      | Reached skill level 1 in Translocations
  1407 | D:1      | Reached skill level 1 in Transmutations
  1407 | D:1      | Reached skill level 1 in Fire Magic
  1407 | D:1      | Reached skill level 1 in Ice Magic
  1407 | D:1      | Reached skill level 1 in Air Magic
  1407 | D:1      | Reached skill level 1 in Earth Magic
  1407 | D:1      | Reached skill level 1 in Poison Magic
  1722 | D:2      | Found a blossoming altar of Fedhas.
  1722 | D:2      | Found a snail-covered altar of Cheibriados.
  1948 | D:2      | Reached XP level 5. HP: 37/37 MP: 12/12
  1957 | D:2      | Killed Robin
  2149 | D:3      | Slain by an orc wizard

Vault maps used:
D:1:      shiori_arrival_whats_in_store_for_you
D:2:      nicolae_overflow_hidden_temple, minmay_crystal_room, st_stairs_14,
          uniq_robin
D:3:      lemuel_doored_altar, guppyfry_early_orc_mine

Skill      XL: |  1  2  3  4  5 |
---------------+----------------+-----
Spellcasting   | 5 |  5.2
Stealth        | 6 |  6.1
Invocations    | 1 |  1.6
Fighting       | 1 |  1.4
Long Blades    | 1 |  1.4
Axes           | 1 |  1.4
Maces & Flails | 1 |  1.4
Polearms       | 1 |  1.4
Staves         | 1 |  1.4
Slings         | 1 |  1.4
Bows           | 1 |  1.4
Crossbows      | 1 |  1.4
Throwing       | 1 |  1.4
Armour         | 1 |  1.4
Shields        | 1 |  1.4
Unarmed Combat | 1 |  1.4
Evocations     | 1 |  1.4
Conjurations   | 1 |  1.1
Charms         | 1 |  1.1
Summonings     | 1 |  1.1
Necromancy     | 1 |  1.1
Translocations | 1 |  1.1
Transmutations | 1 |  1.1
Fire Magic     | 1 |  1.1
Ice Magic      | 1 |  1.1
Air Magic      | 1 |  1.1
Earth Magic    | 1 |  1.1
Poison Magic   | 1 |  1.1
Short Blades   | 3 |  3.0
Dodging        | |  4.8
Hexes          | |  5.5

Action                   |  1- 3 |  4- 6 || total
-------------------------+-------+-------++-------
Melee: Dagger            |   118 |    50 ||   168
       Bite              |     6 |     2 ||     8
       Punch             |       |     1 ||     1
 Cast: Corona            |    11 |     4 ||    15
       Ensorcelled Hiber |     5 |     5 ||    10
 Stab: Sleeping          |     7 |     4 ||    11
  Eat: Chunk             |     1 |       ||     1
       Ration            |       |     1 ||     1
Armor: Robe              |    38 |     8 ||    46
       Animal skin       |       |     9 ||     9
Dodge: Dodged            |    98 |    35 ||   133

Table legend:
 A = Spawn XP
 B = Non-spawn XP
 C = Spawn XP percentage of total XP
 D = Spawn monster count
 E = Non-spawn monster count
 F = Spawn count percentage of total count
 G = Total turns spent on level
                    A         B        C        D         E        F      G
               +---------+---------+-------+---------+---------+-------+---------
         Total |       0 |     235 |   0.0 |       0 |      53 |   0.0 |  2149
               +---------+---------+-------+---------+---------+-------+---------
           D:1 |       0 |     127 |   0.0 |       0 |      25 |   0.0 |  1422
           D:2 |       0 |      55 |   0.0 |       0 |      21 |   0.0 |   663
           D:3 |       0 |      53 |   0.0 |       0 |       7 |   0.0 |    64
               +---------+---------+-------+---------+---------+-------+---------
